 Seeded DCSS version 0.29-a0-717-g6dac4ea423 (webtiles) character file.

Game seed: 17893413586093524617 (custom seed)

389 happo123 the Digger (level 6, -2/35 HPs)
             Began as a Gargoyle Earth Elementalist on June 26, 2022.
             Was a Believer of Vehumet.
             Slain by Duvessa
             ... wielding a +0 short sword
              (8 damage)
             ... on level 4 of the Dungeon.
             The game lasted 00:15:52 (3317 turns).

happo123 the Digger (Gargoyle Earth Elementalist)   Turns: 3317, Time: 00:15:53

Health: -2/35      AC:  6    Str: 11    XL:     6   Next: 79%
Magic:  4/10       EV: 12    Int: 18    God:    Vehumet [**....]
Gold:   241        SH:  0    Dex: 10    Spells: 2/10 levels left

rFire   . . .      SeeInvis .   m - +6 shillelagh "Devastator" {shatter}
rCold   . . .      Faith    .   (no shield)
rNeg    + . .      Spirit   .   a - +0 robe
rPois   ∞          Reflect  .   (no helmet)
rElec   +          Harm     .   (no cloak)
rCorr   .          Rampage  .   (no gloves)
Will    .....                   (no boots)
Stlth   ++........              (no amulet)
HPRegen 0.11/turn               (no ring)
MPRegen 0.12/turn               (no ring)

@: no status effects
A: sickness immunity, AC +4, negative energy resistance 1, electricity
resistance, torment resistance 1, petrification resistance
a: Renounce Religion


You were on level 4 of the Dungeon.
You worshipped Vehumet.
Vehumet was pleased with you.
You visited 2 branches of the dungeon, and saw 5 of its levels.

You collected 241 gold pieces.

Inventory:

Hand Weapons
 c - a +0 club
 h - a +0 dagger
 l - a +0 mace
 m - the +6 shillelagh "Devastator" (weapon) {shatter}
   (You found it on level 4 of the Dungeon)

   It releases a powerful concussive burst when it strikes, dealing extra damage
   to the target and all other foes adjacent to them.
Armour
 a - a +0 robe (worn)
 t - a +0 leather armour
Wands
 p - a wand of paralysis (8)
Scrolls
 d - 3 scrolls of teleportation
 e - 2 scrolls of identify
 g - 2 scrolls of torment {unknown}
 i - a scroll of enchant weapon {unknown}
 k - a scroll of amnesia {unknown}
 n - a scroll of enchant armour {unknown}
 o - a scroll of fog {unknown}
 s - a scroll of immolation {unknown}
Potions
 b - a potion of magic
 f - 2 potions of curing {unknown}
 j - a potion of lignification {unknown}
 q - a potion of haste {unknown}
 r - a potion of attraction {unknown}
 u - a potion of flight {unknown}


   Skills:
 + Level 2.0 Fighting
 + Level 1.6 Maces & Flails
 + Level 2.0 Armour
 + Level 2.3 Dodging
 + Level 3.2 Stealth
 + Level 2.7 Spellcasting
 * Level 2.3 Transmutations
 * Level 5.1 Earth Magic


You had 2 spell levels left.
You knew the following spells:

 Your Spells              Type           Power      Damage    Failure   Level
a - Sandblast             Erth           42%        2d11      1%          1
b - Stone Arrow           Conj/Erth      22%        3d8       17%         3
c - Petrify               Tmut/Erth      16%        N/A       34%         4

Your spell library contained the following spells:

 Spells                   Type           Power      Damage    Failure   Level
 Magic Dart               Conj           8%         1d3       17%         1
 Passwall                 Tmut/Erth      13%        N/A       5%          2
 Portal Projectile        Hex/Tloc       4%         N/A       45%         3
 Tukima's Dance           Hex            2%         N/A       45%         3
 Animate Dead             Necr           2%         N/A       86%         4
 Blade Hands              Tmut           5%         N/A       87%         5
 Haunt                    Necr/Summ      1%         N/A       100%        7
 Infestation              Necr           1%         N/A       100%        8


Dungeon Overview and Level Annotations

Branches:
Dungeon (4/15)             Temple (1/1) D:4

Altars:
Ashenzari
Cheibriados
Elyvilon
Fedhas
Gozag
Kikubaaqudgha
Makhleb
Nemelex Xobeh
Qazlal
Ru
Vehumet
Xom
The Shining One

Annotations:
D:4 Dowan, Duvessa


Innate Abilities, Weirdness & Mutations

You are immune to sickness and miasma.
Your stone body is resilient. (AC +4)
You are immune to poison.
You resist negative energy. (rN+)
You are resistant to electric shocks. (rElec)
You are resistant to unholy torment.
You are immune to petrification.


Message History

Press: ? - help, Shift-Dir - straight line, f - Duvessa, p - kobold
Aim: Duvessa, wielding a +0 short sword and wearing a +0 leather armour (72% to hit)
The stone arrow misses Duvessa.
The stone arrow misses the kobold.
Aiming: Sandblast (safe; 1% risk of failure)
Press: ? - help, Q - select action, (/) - cycle Shift-Dir - straight line, f/p - Duvessa
Aim: Duvessa, wielding a +0 short sword and wearing a +0 leather armour (83% to hit)
The blast of sand hits Duvessa but does no damage.
Duvessa hits you but does no damage. Duvessa hits you with a +0 short sword.
Aiming: Sandblast (safe; 1% risk of failure)
Press: ? - help, Q - select action, (/) - cycle Shift-Dir - straight line, f/p - Duvessa
Aim: Duvessa, wielding a +0 short sword and wearing a +0 leather armour (83% to hit)
The blast of sand hits Duvessa!
Duvessa is moderately wounded.
Duvessa barely misses you. Duvessa hits you with a +0 short sword.
Dowan mumbles some strange words.
Dowan blinks!
Dowan hits you with a +0 dagger.
Dowan casts a spell.
Dowan blinks!
Aiming: Sandblast (safe; 1% risk of failure)
Press: ? - help, Q - select action, (/) - cycle Shift-Dir - straight line, f/p - Duvessa
Aim: Duvessa, wielding a +0 short sword and wearing a +0 leather armour (moderately wounded, 83% to hit)
The blast of sand hits Duvessa.
Duvessa is moderately wounded.
Duvessa says, "Where magic fails, the sword succeeds!"
Duvessa hits you with a +0 short sword! Duvessa hits you but does no damage.
Aiming: Sandblast (safe; 1% risk of failure)
Press: ? - help, Q - select action, (/) - cycle Shift-Dir - straight line, f/p - Duvessa
Aim: Duvessa, wielding a +0 short sword and wearing a +0 leather armour (moderately wounded, 83% to hit)
The blast of sand hits Duvessa but does no damage.
Duvessa is moderately wounded.
Duvessa hits you with a +0 short sword!
* * * LOW HITPOINT WARNING * * *
Duvessa hits you with a +0 short sword.
* * * LOW HITPOINT WARNING * * *
As you read the scroll labelled VUAXZI KOIRR, it crumbles to dust.
It is a scroll of identify.
d - 3 scrolls of teleportation Duvessa hits you with a +0 short sword!
You die...

≈≈≈≈≈≈≈≈....≈≈≈≈≈≈≈≈≈≈≈
≈≈≈≈≈≈≈≈.....≈≈≈≈≈≈≈≈≈≈
≈≈≈.e.≈≈.....≈≈≈≈≈≈≈≈≈≈≈
........................
............Ke..........
#..###########......##.
.......§..........+..
....###.###.##.##.....##.
.........@eKe...........+.
.....###.###.##.##.....##.
.....##.###.##.##.....##.
#..........##.# .....##.
#..........##.# .....##. ..
#.........###.## #. #..
#....#.# ##..# #.
#..#####...#.###.#.### #####
#..........#.#.8...#.###....


You could see Duvessa, Dowan and a kobold.

Vanquished Creatures
  An ogre (D:4)
  A kobold brigand (D:4)
  7 gnolls (D:4)
  6 adders
  A worm (D:2)
  2 dart slugs (D:2)
  3 orcs (D:4)
  A ball python (D:1)
  5 endoplasms
  3 giant cockroaches
  8 goblins
  7 hobgoblins
  2 jackals (D:1)
  3 quokkas
  5 bats
  3 frilled lizards
  42 kobolds
  3 rats
103 creatures vanquished.

Notes
Turn   | Place    | Note
-------+----------+-------------------------------------------
     0 | D:1      | happo123 the Gargoyle Earth Elementalist began the quest
                  | for the Orb.
     0 | D:1      | Reached XP level 1. HP: 10/10 MP: 3/3
    64 | D:1      | Reached skill level 1 in Transmutations
   144 | D:1      | Reached XP level 2. HP: 8/15 MP: 1/5
   872 | D:2      | Reached XP level 3. HP: 10/20 MP: 4/6
   876 | D:2      | Learned a level 3 spell: Stone Arrow
   905 | D:2      | Reached skill level 4 in Earth Magic
  1052 | D:2      | You fall into a shaft and drop 2 floors!
  1299 | D:4      | Noticed a black bear
  1304 | D:4      | Noticed an ogre
  1308 | D:4      | Killed an ogre
  1309 | D:4      | Reached skill level 1 in Fighting
  1309 | D:4      | Reached skill level 1 in Maces & Flails
  1309 | D:4      | Reached skill level 1 in Armour
  1309 | D:4      | Reached XP level 4. HP: 24/25 MP: 1/7
  1309 | D:4      | Reached XP level 5. HP: 28/29 MP: 1/8
  1313 | D:4      | Found the +6 shillelagh "Devastator" {shatter}
  1317 | D:4      | Found a staircase to the Ecumenical Temple.
  1330 | Temple   | Entered the Ecumenical Temple
  1392 | Temple   | Became a worshipper of Vehumet
  1824 | D:3      | Found a faded altar of an unknown god.
  2369 | D:4      | Noticed Duvessa
  2382 | D:4      | Noticed Dowan
  2652 | D:4      | Reached * piety under Vehumet
  2652 | D:4      | Offered knowledge of Foxfire by Vehumet.
  2662 | D:4      | Learned a level 4 spell: Petrify
  2700 | D:4      | Reached XP level 6. HP: 34/34 MP: 9/9
  2878 | D:4      | Reached ** piety under Vehumet
  2879 | D:4      | Reached skill level 5 in Earth Magic
  2880 | D:4      | Offered knowledge of Magic Dart by Vehumet.
  3317 | D:4      | Slain by Duvessa

Illustrated notes

Levels and vault maps discovered:
D:1:      wander_arrival_fairy_ring, layout_basic
D:2:      layout_loops_cross
D:3:      layout_rooms, nicolae_ecumenical_pavilion
D:4:      minmay_goblin_kobold_castle, layout_basic,
          mainiacjoe_overflow_small_starburst, mainiacjoe_overflow_chevrons,
          marbit_many_paths, temple_statues, dilly_guarded_unrand_devastator,
          uniq_duvessa
Temple:   compressed_dpeg_triangle_lava_temple

Skill      XL: |  1  2  3  4  5  6 |
---------------+-------------------+-----
Transmutations | 1 2 |  2.3
Earth Magic    | 4 5 |  5.1
Fighting       | 1 2 |  2.0
Maces & Flails | 1 |  1.6
Armour         | 1 2 |  2.0
Dodging        | 2 |  2.3
Stealth        | 3 |  3.2
Spellcasting   | |  2.7

Action                   |  1- 3 |  4- 6 || total
-------------------------+-------+-------++-------
Melee: Unarmed           |     9 |       ||     9
       Club              |    27 |       ||    27
       Dagger            |     1 |       ||     1
       Shillelagh        |       |    65 ||    65
       Mace              |       |     2 ||     2
 Cast: Sandblast         |    38 |    27 ||    65
       Stone Arrow       |     1 |     1 ||     2
  Use: Scroll            |       |     1 ||     1
 Stab: Sleeping          |     2 |     4 ||     6
Armor: Robe              |    33 |    42 ||    75
Dodge: Dodged            |    48 |    70 ||   118

Table legend: (Time is in decaauts)
 A = Elapsed time spent in this place.
 B = Non-inter-level travel time spent in this place.
 C = Inter-level travel time spent in this place.
 D = Time resting spent in this place.
 E = Time spent auto-exploring this place.
 F = Levels seen in this place.
 G = Mean time per level.
                   A        B        C        D        E       F      G
               +--------+--------+--------+--------+--------+-----+--------+
         Total |   3406 |   2396 |   1010 |    724 |   1024 |   5 |  681.2 |
       Dungeon |   3063 |   2066 |    997 |    724 |    703 |   4 |  765.8 |
        Temple |    342 |    329 |     13 |      0 |    321 |   1 |  342.0 |
               +--------+--------+--------+--------+--------+-----+--------+

Top non-repeatable levels by time:
     D:4: 1082 daAuts
     D:1: 808 daAuts
     D:3: 639 daAuts
     D:2: 533 daAuts
  Temple: 342 daAuts
